 Dungeon Crawl Stone Soup version 0.19-a0-1065-gdac414d (webtiles) character file.

71 4thArraOfDagon the Ruffian (level 4, -1/39 HPs)
             Began as a Troll Air Elementalist on Aug 3, 2016.
             Was an Initiate of Ashenzari.
             Killed from afar by Dowan (8 damage)
             ... with a puff of flame
             ... on level 5 of the Dungeon.
             The game lasted 00:03:38 (792 turns).

4thArraOfDagon the Ruffian (Troll Air Elementalist)  Turns: 792, Time: 00:03:39

Health: -1/39      AC:  6    Str: 14 (16) XL:     4   Next: 5%
Magic:  4/4        EV:  9    Int: 10 (12) God:    Ashenzari [......]
Gold:   66         SH:  0    Dex:  7 (10) Spells: 2 memorised, 2 levels left

rFire  . . .     SeeInvis .       - Unarmed
rCold  . . .     Gourm    +     a - +0 robe
rNeg   . . .     Faith    .     (no shield)
rPois  .         Spirit   .     (helmet restricted)
rElec  .         Dismiss  .     i - +0 cloak
rCorr  .         Reflect  .     (gloves unavailable)
SustAt .         Harm     .     (boots unavailable)
MR     .....                    (no amulet)
Stlth  +.........               (no ring)
                                (no ring)

@: lethally poisoned (-1 -> -2), repel missiles
A: unfitting armour, claws 3, fast metabolism 3, gourmand, regeneration 2,
shaggy fur 1, tough skin 2
a: Curse Item, Renounce Religion


You were on level 5 of the Dungeon.
You worshipped Ashenzari.
Ashenzari was noncommittal.
You were full.

You visited 1 branch of the dungeon, and saw 6 of its levels.

You collected 66 gold pieces.

Inventory:

Armour
 a - a +0 robe (worn)
 i - a +0 cloak (worn)
Scrolls
 h - a scroll of remove curse
 j - a scroll of blinking {unknown}
 k - a scroll of enchant armour {unknown}
 m - a scroll of noise {unknown}
Books
 b - a book of Air

   Spells                             Type                      Level
   a - Shock                          Conjuration/Air              1
   b - Swiftness                      Charms/Air                   2
   c - Repel Missiles                 Charms/Air                   2
   d - Static Discharge               Conjuration/Air              3
   e - Lightning Bolt                 Conjuration/Air              5
Comestibles
 c - 3 bread rations
 d - a beef jerky


   Skills:
 - Level 1.5 Dodging
 - Level 1.1 Stealth
 * Level 3.7 Unarmed Combat
 - Level 1.2 Spellcasting
 - Level 0.6 Conjurations
 - Level 2.0 Air Magic


You had 2 spell levels left.
You knew the following spells:

 Your Spells              Type           Power        Failure   Level  Hunger
a - Shock                 Conj/Air       #...         21%         1    ##.....
b - Repel Missiles        Chrm/Air       #.....       38%         2    ###....


Dungeon Overview and Level Annotations

Branches:
Dungeon (6/15)
 Temple: D:4-7

Altars:
Ashenzari
Ru

Annotations:
D:5 Dowan, Duvessa


Innate Abilities, Weirdness & Mutations

You are too large for most types of armour.
You have claws for hands.
Your metabolism is lightning-fast.
You like to eat raw meat.
You heal very quickly.
You are covered in fur. (AC +1)
You have very tough skin. (AC +2)


Message History

Unknown command.
The worker ant bites you.
You are poisoned.
The worker ant poisons you!
The orc priest calls down the wrath of Beogh upon you.
Beogh smites you!
Found an uncursed spear.
Unknown command.
You feel sick.
Dowan gestures wildly while chanting.
Dowan blinks!
The worker ant bites you.
The orc priest calls down the wrath of Beogh upon you.
Beogh smites you!
* * * LOW HITPOINT WARNING * * *
Unknown command.
Unknown command.
You feel sick.
Dowan points at you and mumbles some strange words.
The puff of flame hits you!
You die...

...... .....# ###
...#.###.##### #...#
)..........e<# #..#.
###...........).#
#...##............o..#
#.....#.>...........#
#.#..@...o.........#
.####e..ae........e....#
........#..............#
.#.....................#
#.........ยง...........
...#...#............
..#........(#.....#
##...#...##.#.....#
#..#....##.#.)..#


You could see Duvessa, Dowan, a worker ant and an orc priest.

Vanquished Creatures
  An orc wizard (D:3)
  An adder (D:2)
  A worm (D:4)
  A dart slug (D:4)
  A giant gecko (D:4)
  5 orcs
  A giant cockroach (D:2)
  3 hobgoblins
  A ball python (D:4)
  A bat (D:2)
  3 giant newts
  3 goblins
  A kobold (D:2)
  2 rats (D:3)
25 creatures vanquished.

Notes
Turn   | Place    | Note
-------+----------+-------------------------------------------
     0 | D:1      | 4thArraOfDagon the Troll Air Elementalist began the quest for the Orb.
     0 | D:1      | Reached XP level 1. HP: 16/16 MP: 1/1
    64 | D:2      | Reached skill level 1 in Unarmed Combat
    64 | D:2      | Reached XP level 2. HP: 24/24 MP: 2/2
    84 | D:2      | Reached skill level 2 in Unarmed Combat
   283 | D:4      | Learned a level 2 spell: Repel Missiles
   326 | D:5      | Entered Level 5 of the Dungeon
   353 | D:5      | Noticed Duvessa
   353 | D:5      | Noticed Dowan
   389 | D:4      | Found a sacrificial altar of Ru.
   394 | D:4      | Found a shattered altar of Ashenzari.
   408 | D:4      | Became a worshipper of Ashenzari the Shackled
   489 | D:3      | Reached skill level 3 in Unarmed Combat
   489 | D:3      | Reached XP level 3. HP: 25/31 MP: 3/3
   616 | D:4      | Reached XP level 4. HP: 4/39 MP: 4/4
   792 | D:5      | Killed from afar by Dowan

Vault maps used:
D:1:      lemuel_arrival_lava_pool, minmay_misc_feat_more_columns
D:2:      nicolae_overflow_crystal_walls, first_bread, serial_bayou_crossing
D:3:      amethyst_overflow_temple_binary, st_stairs_14, uniq_natasha
D:4:      grunt_temple_overflow_open, overflow_temple_1_default
D:5:      minmay_splitting_lines, minmay_misc_feat_tower, lemuel_flame_loot_1,
          uniq_duvessa
D:6:      overflow_temple_1_default, evilmike_ruin_ashenzari

Skill      XL: |  1  2 |
---------------+-------+-----
Unarmed Combat | 1 3 |  3.7
Dodging        | |  1.5
Stealth        | |  1.1
Spellcasting   | |  1.2
Conjurations   | |  0.6
Air Magic      | |  2.0

Action                   |  1- 3 |  4- 6 || total
-------------------------+-------+-------++-------
Melee: Unarmed           |    85 |     6 ||    91
       Punch             |     2 |       ||     2
 Cast: Repel Missiles    |     1 |     1 ||     2
  Use: Potion            |       |     6 ||     6
 Stab: Sleeping          |     3 |       ||     3
  Eat: Chunk             |     9 |     1 ||    10
Armor: Robe              |    26 |     3 ||    29
Dodge: Dodged            |    37 |    12 ||    49
